 Dungeon Crawl Stone Soup version 0.30-a0-165-g1891117ce2 (webtiles) character file.

Game seed: 8405594739297253021

45 funkygono the Digger (level 3, 0/19 HPs)
             Began as a Gargoyle Earth Elementalist on Sept 28, 2022.
             Killed by nerve-wracking pain
             ... invoked by Grinder
              (7 damage)
             ... on level 3 of the Dungeon.
             The game lasted 00:03:15 (1681 turns).

funkygono the Digger (Gargoyle Earth Elementalist)  Turns: 1681, Time: 00:03:16

Health: 0/19       AC:  5    Str: 11    XL:     3   Next: 64%
Magic:  4/6        EV:  9    Int: 17    God:
Gold:   161        SH:  0    Dex: 10    Spells: 1/7 levels left

rFire   . . .      SeeInvis .    (no weapon)
rCold   . . .      Faith    .    (no shield)
rNeg    + . .      Spirit   .    a - +0 robe
rPois   ∞          Reflect  .    (no helmet)
rElec   +          Harm     .    (no cloak)
rCorr   .          Rampage  .    (no gloves)
Will    .....                    (no boots)
Stlth   ++........               (no amulet)
HPRegen 0.06/turn                (no ring)
MPRegen 0.10/turn                (no ring)

@: grasped by roots, constricted
A: sickness immunity, AC +3, negative energy resistance 1, electricity
resistance, torment resistance 1, petrification resistance
a: no special abilities


You were on level 3 of the Dungeon.
You visited 1 branch of the dungeon, and saw 3 of its levels.

You collected 161 gold pieces.

Inventory:

Hand Weapons
 p - the +5 sling of Deformation {vorpal, Int+2}
   (You found it on level 2 of the Dungeon)

   Any ammunition fired from it inflicts extra damage upon your enemies.
   Int:       It affects your intelligence (+2).
Missiles
 o - a throwing net
Armour
 a - a +0 robe (worn)
Scrolls
 c - a scroll of silence {unknown}
 d - 6 scrolls of identify {unknown}
 e - a scroll of immolation {unknown}
 f - a scroll of noise {unknown}
 h - a scroll of teleportation {unknown}
 j - a scroll of vulnerability {unknown}
 n - a scroll of enchant weapon {unknown}
Potions
 b - a potion of magic
 g - 2 potions of flight {unknown}
 i - 2 potions of curing {unknown}
 k - a potion of haste {unknown}
 l - a potion of degeneration {unknown}
 m - a potion of berserk rage {unknown}
 q - a potion of brilliance {unknown}


   Skills:
 + Level 2.0 Dodging
 - Level 2.1 Stealth
 + Level 2.5 Spellcasting
 + Level 0.7 Transmutations
 + Level 4.6 Earth Magic


You had one spell level left.
You knew the following spells:

 Your Spells              Type           Power      Damage    Failure   Level
a - Sandblast             Erth           36%        2d10      2%          1
b - Passwall              Tmut/Erth      9%         N/A       10%         2
c - Stone Arrow           Conj/Erth      20%        3d8       22%         3

Your spell library contained the following spells:

 Spells                   Type           Power      Damage    Failure   Level
 Petrify                  Tmut/Erth      11%        N/A       52%         4


Dungeon Overview and Level Annotations

Branches:
Dungeon (3/15)

Altars:

Annotations:
D:3 Grinder


Innate Abilities, Weirdness & Mutations

You are immune to sickness and miasma.
Your stone body is resilient. (AC +3)
You are immune to poison.
You resist negative energy. (rN+)
You are resistant to electric shocks. (rElec)
You are resistant to unholy torment.
You are immune to petrification.


Message History

Aim: a hobgoblin (82% to hit)
The blast of sand hits the hobgoblin.
The hobgoblin is almost dead.
Grinder zaps a wand.
The roots erupt in riotous growth!
The hobgoblin is unaffected.
The grasping roots grab you! The grasping roots constrict you!
The hobgoblin closely misses you.
You escape the roots grasp.
The hobgoblin attacks as you move away! The hobgoblin barely misses you.
Grinder blinks!
Casting: Sandblast (safe; 2% risk of failure)
Confirm with . or Enter, or press ? or * to list all spells.
Aiming: Sandblast (safe; 2% risk of failure)
Press: ? - help, Shift-Dir - straight line, f/p - hobgoblin
Aim: a hobgoblin (almost dead, 82% to hit)
The blast of sand hits the hobgoblin.
You kill the hobgoblin!
You start resting.
Grinder is nearby!
Casting: Sandblast (safe; 2% risk of failure)
Confirm with . or Enter, or press ? or * to list all spells.
Aiming: Sandblast (safe; 2% risk of failure)
Press: ? - help, Shift-Dir - straight line, f - Grinder
Aim: Grinder, carrying a wand of roots (14) (80% to hit)
The blast of sand hits Grinder.
Grinder is lightly wounded.
Grinder zaps a wand.
The roots erupt in riotous growth!
The grasping roots grab you! The grasping roots constrict you.
Unknown command.
Casting: Sandblast (safe; 2% risk of failure)
Confirm with . or Enter, or press ? or * to list all spells.
Aiming: Sandblast (safe; 2% risk of failure)
Press: ? - help, Shift-Dir - straight line, f/p - Grinder
Aim: Grinder, carrying a wand of roots (13) (lightly wounded, 80% to hit)
The blast of sand hits Grinder.
Grinder is lightly wounded.
Grinder gestures at you. Pain shoots through your body!
You die...

.....#...# #....#
.....#...######†#
#.##.#..........#
#..#............####
#..###..#..##.#....##
##...................#
#..#####.##.##........
##...####5.#..#####....
#..#..@..#....#######..
#.######.##............ ###.#
#...(.........#. #...#
###...........## #.###
#............. #.#
###............# #.#
#..............#
####.########.#...........#.
##.......##....##............


You could see Grinder.

Vanquished Creatures
  A worm (D:3)
  3 bats
  7 endoplasms
  2 giant cockroaches
  A goblin (D:3)
  3 hobgoblins
  3 jackals (D:1)
  A quokka (D:1)
  4 ball pythons
  5 frilled lizards (D:1)
  3 kobolds
  6 rats
39 creatures vanquished.

Notes
Turn   | Place    | Note
-------+----------+-------------------------------------------
     0 | D:1      | funkygono the Gargoyle Earth Elementalist began the quest
                  | for the Orb.
     0 | D:1      | Reached XP level 1. HP: 10/10 MP: 3/3
   268 | D:1      | Reached skill level 4 in Earth Magic
   269 | D:1      | Reached XP level 2. HP: 15/15 MP: 1/5
   779 | D:1      | Reached XP level 3. HP: 19/19 MP: 3/6
   782 | D:1      | Learned a level 2 spell: Passwall
   786 | D:1      | Learned a level 3 spell: Stone Arrow
  1247 | D:2      | Identified the +5 sling of Deformation {vorpal, Int+2}
  1662 | D:3      | Noticed Grinder
  1681 | D:3      | Killed from afar by Grinder

Illustrated notes

Levels and vault maps discovered:
D:1:      dpeg_arrival_three_smaller_balls, layout_basic
D:2:      layout_basic
D:3:      layout_rooms, elyvilon_altar_4, nrook_campfire, uniq_grinder

Skill      XL: |  1  2 |
---------------+-------+-----
Earth Magic    | 4 |  4.6
Dodging        | 2 |  2.0
Stealth        | |  2.1
Spellcasting   | |  2.5
Transmutations | |  0.7

Action                   || total
-------------------------++-------
Melee: Unarmed           ||     8
 Cast: Sandblast         ||    52
Armor: Robe              ||    11
Dodge: Dodged            ||    28

Table legend: (Time is in decaauts)
 A = Elapsed time spent in this place.
 B = Non-inter-level travel time spent in this place.
 C = Inter-level travel time spent in this place.
 D = Time resting spent in this place.
 E = Time spent auto-exploring this place.
 F = Levels seen in this place.
 G = Mean time per level.
                   A        B        C        D        E       F      G
               +--------+--------+--------+--------+--------+-----+--------+
         Total |   1706 |   1667 |     39 |      5 |   1416 |   3 |  568.7 |
       Dungeon |   1706 |   1667 |     39 |      5 |   1416 |   3 |  568.7 |
               +--------+--------+--------+--------+--------+-----+--------+

Top non-repeatable levels by time:
     D:1: 1018 daAuts
     D:2: 464 daAuts
     D:3: 223 daAuts
